Map: Incorporeal LE

Players

Саша - Winner!

  • Race: Protoss Protoss
  • League: Master
  • Spawn Location: 5:00

Sindyr

  • Race: Zerg Zerg
  • League: Master
  • Spawn Location: 11:00

VOD

Have the link to the VOD?

Description

Time

  • Played on: Oct. 25, 2025, 6:58 a.m.
  • Length: 9:23
Show
View Real Time Build Order
Export as new Build Order

Саша Protoss - Winner!

Build Orders:  

Get SALT Encoding   

  12  0:00  Probe  
  13  0:13  Probe  
  14  0:20  Pylon  
  14  0:25  Probe  
  15  0:38  Gateway  
  15  0:40  Probe  
  16  0:53  Forge  
  16  0:54  Probe  
  17  1:02  Assimilator, Probe  
  18  1:11  Probe  
  19  1:23  Probe  
  20  1:27  Cybernetics Core  
  20  1:28  Zealot  
  22  1:35  Probe  
  22  1:39  Pylon  
  23  1:50  Warp Gate  
  23  2:02  Nexus  
  23  2:14  Assimilator  
  23  2:16  Probe  
  24  2:26  Probe  
  24  2:33  Sentry  
  24  2:35  Probe  
  27  2:42  Shield Battery  
  28  2:45  Pylon  
  28  2:53  Probe  
  29  3:05  Probe  
  30  3:06  Pylon  
  30  3:10  Stargate  
  30  3:15  Stalker  
  30  3:17  Probe  
  33  3:24  Probe  
  33  3:25  Pylon  
  34  3:29  Probe  
  35  3:37  Pylon  
  35  4:00  Probe x2  
  37  4:03  Gateway  
  37  4:04  Gateway  
  37  4:12  Probe  
  38  4:22  Void Ray  
  42  4:29  Probe x2  
  43  4:32  Assimilator  
  43  4:33  Stalker  
  45  4:41  Probe x2  
  45  4:43  Twilight Council  
  47  5:00  Shield Battery  
  47  5:05  Gateway  
  47  5:06  Gateway  
  47  5:09  Probe  
  47  5:10  Probe  
  49  5:17  Assimilator  
  49  5:21  Zealot x3  
  53  5:22  Probe x2, Protoss Ground Weapons Level 1  
  61  5:30  Charge  
  61  5:31  Shield Battery  
  61  5:32  Void Ray  
  61  5:51  Probe x2  
  61  5:56  Gateway, Sentry  
  65  5:57  Sentry  
  65  5:58  Pylon  
  65  6:03  Probe  
  68  6:07  Stalker  
  68  6:08  Zealot  
  72  6:23  Probe x2, Robotics Facility  
  74  6:30  Gateway  
  74  6:35  Probe x2  
  76  6:44  Protoss Air Weapons Level 1  
  76  6:47  Probe  
  76  6:49  Probe  
  78  6:59  Probe  
  79  7:03  Pylon  
  79  7:08  Stalker x2  
  79  7:09  Stalker  
  79  7:11  Observer, Pylon  
  79  7:14  Nexus  
  86  7:23  Pylon  
  86  7:25  Probe x2  
  86  7:26  Pylon  
  88  7:37  Probe, Immortal  
  88  7:40  Gateway  
  88  7:43  Pylon  
  93  7:52  Pylon  
  97  8:07  Void Ray  
  97  8:16  Immortal  
  101  8:35  Stalker x3  
  101  8:36  Stalker x2  
  101  8:37  Zealot x2  
  115  8:52  Probe x2  
  115  8:55  Probe  
  122  9:00  Shield Battery  
  122  9:02  Assimilator  
  126  9:04  Probe  
  126  9:06  Assimilator  
  126  9:08  Pylon  
  127  9:14  Pylon  
Show
View Real Time Build Order
Export as new Build Order

Sindyr Zerg 

Build Orders: Hatch First 

Get SALT Encoding   

  12  0:03  Drone  
  13  0:11  Drone  
  14  0:16  Extractor  
  14  0:17  Drone  
  15  0:22  Overlord  
  15  0:35  Extractor  
  14  0:40  Extractor  
  14  0:41  Drone x2  
  15  0:46  Drone  
  18  0:58  Hatchery  
  17  1:12  Spawning Pool  
  17  1:14  Drone  
  17  1:18  Extractor  
  16  1:19  Drone  
  16  1:24  Drone  
  18  2:05  Queen  
  18  2:06  Drone x2  
  22  2:08  Overlord  
  22  2:12  Queen  
  24  2:28  Hatchery  
  24  2:29  Drone  
  24  2:32  Drone  
  24  2:35  Drone  
  26  2:45  Metabolic Boost  
  26  2:46  Extractor  
  25  2:55  Drone x3  
  25  2:57  Drone  
  29  3:07  Drone  
  29  3:08  Drone x2  
  29  3:09  Drone  
  33  3:18  Lair  
  33  3:24  Extractor  
  32  3:40  Drone x4  
  32  3:41  Drone x4  
  40  3:48  Zergling x4  
  42  3:52  Overlord  
  42  3:54  Overlord  
  42  4:12  Zergling x10  
  47  4:19  Spire  
  47  4:22  Zergling x10  
  47  4:24  Zergling x2  
  52  4:25  Zergling x2  
  52  4:28  Zergling x2  
  54  4:41  Drone  
  54  4:43  Overlord  
  54  4:44  Overlord  
  55  4:56  Spire, Drone x2  
  56  5:01  Queen  
  57  5:30  Overseer x2  
  57  5:31  Pneumatized Carapace  
  57  5:33  Drone x3  
  57  5:34  Drone x3  
  63  5:36  Zerg Flyer Weapons Level 1  
  63  5:41  Drone  
  63  5:42  Drone x6  
  70  5:44  Drone  
  70  5:45  Hatchery  
  70  5:46  Drone  
  71  5:50  Overlord  
  71  6:08  Spore Crawler  
  71  6:09  Spore Crawler  
  69  6:15  Overlord x2  
  69  6:26  Spore Crawler x2  
  69  6:27  Spore Crawler  
  69  6:31  Extractor  
  65  6:33  Drone x3  
  65  6:34  Overseer  
  65  6:39  Drone x7  
  75  6:43  Overlord  
  75  6:44  Extractor  
  74  6:53  Mutalisk x3  
  76  6:56  Overlord x2  
  80  7:05  Drone x3, Extractor  
  80  7:06  Queen  
  84  7:17  Spore Crawler  
  84  7:19  Spore Crawler x2  
  81  7:32  Spore Crawler  
  80  7:42  Overseer  
  80  7:52  Spore Crawler  
  80  7:53  Spore Crawler  
  80  7:55  Spore Crawler  
  77  7:59  Drone x19  
  77  8:00  Drone x4  
  98  8:16  Mutalisk x6  
  109  8:32  Mutalisk x5  
  109  8:35  Overlord x2  
  109  8:36  Overlord  
  102  8:53  Spore Crawler  
  102  8:55  Spore Crawler  
  100  8:56  Spore Crawler x3  
  100  8:57  Spore Crawler x2  
  95  9:04  Spine Crawler x2  
  93  9:11  Spore Crawler  
  93  9:14  Spore Crawler  
  93  9:15  Spore Crawler  
Tags
 
Matchup
PvZ
Replay Pack
Multiplayer
Spawn Locations
Cross Positions
Add a new tag
Caveats
  • Supply blocks, unpowered buildings, or Contaminate may cause inaccurate times.
  • Supply counts are checked every 10 seconds.